 Dungeon Crawl Stone Soup version 0.30-a0-297-g0ec75d9ef4 (webtiles) character file.

Game seed: 9985819950388568453

208 lunkers the Digger (level 6, -8/45 HPs)
             Began as a Meteoran Earth Elementalist on Oct 19, 2022.
             Was a Follower of Ashenzari.
             Killed from afar by Dowan (12 damage)
             ... with a stone arrow
             ... on level 4 of the Dungeon.
             The game lasted 00:02:36 (944 turns).

lunkers the Digger (Meteoran Earth Elementalist)     Turns: 944, Time: 00:02:37

Health: -8/45      AC:  6    Str:  9    XL:     6   Next: 34%
Magic:  13/13      EV: 13    Int: 20    God:    Ashenzari [*.....]
Gold:   32         SH:  0    Dex: 14    Spells: 4/14 levels left

rFire   . . .      SeeInvis .    m - +2 dagger of Toth-Mos's Legacy {venom, Cun, Melee} (curse)
rCold   . . .      Faith    .    (no shield)
rNeg    . . .      Spirit   .    a - +0 robe of the Shattered Empyrean {Elem, Evo} (curse)
rPois   .          Reflect  .    (no helmet)
rElec   .          Harm     .    (no cloak)
rCorr   .          Rampage  .    l - +0 pair of gloves
Will    .....                    u - +2 pair of boots
Stlth   +.........               (no amulet)
HPRegen 0.27/turn                (no ring)
MPRegen 0.13/turn                (no ring)

@: very slightly contaminated, glowing
A: sense surroundings 1, otherworldly, glowing, explore regen
a: Renounce Religion, Shatter the Chains


You were on level 4 of the Dungeon.
You worshipped Ashenzari.
Ashenzari was aware of your devotion.
You visited 1 branch of the dungeon, and saw 4 of its levels.

You collected 32 gold pieces.

Inventory:

Hand Weapons
 m - the cursed +2 dagger of Toth-Mos's Legacy (weapon) {venom, Cun, Melee}
   (You found it on level 2 of the Dungeon)

   It poisons the flesh of those it strikes.
   It has a curse which improves the following skills: Cunning: Dodging and
   Stealth.
   Melee Combat: Short Blades, Long Blades, Axes, Maces & Flails, Polearms,
   Staves and Unarmed Combat.
Missiles
 s - 2 curare-tipped darts
Armour
 a - the cursed +0 robe of the Shattered Empyrean (worn) {Elem, Evo}

   It has a curse which improves the following skills: Elements: Fire Magic, Ice
   Magic, Air Magic and Earth Magic.
   Evocations: Evocations.
 l - a +0 pair of gloves (worn)
 u - a +2 pair of boots (worn)
Wands
 k - a wand of acid (10)
 n - a wand of digging (8)
Scrolls
 d - a scroll of enchant armour
 e - 4 scrolls of identify
 f - a scroll of teleportation
 g - a scroll of brand weapon
 h - 2 scrolls of blinking
 i - a scroll of amnesia
 j - a scroll of magic mapping
 r - a scroll of poison
Potions
 c - a potion of attraction
 o - 2 potions of curing
 p - a potion of resistance
 q - a potion of might
 t - a potion of berserk rage


   Skills:
 - Level 2.4(3.1) Dodging
 - Level 1.4(2.0) Stealth
 + Level 4.6 Spellcasting
 - Level 1.2 Transmutations
 * Level 6.6(7.4) Earth Magic


You had 4 spell levels left.
You knew the following spells:

 Your Spells              Type           Power      Damage    Failure   Level
a - Sandblast             Erth           68%        2d15      1%          1
b - Passwall              Tmut/Erth      18%        N/A       3%          2
c - Stone Arrow           Conj/Erth      38%        3d9       8%          3
d - Petrify               Tmut/Erth      22%        N/A       21%         4

Your spell library contained the following spells:

 Spells                   Type           Power      Damage    Failure   Level


Dungeon Overview and Level Annotations

Branches:
Dungeon (4/15) Zot: 1424
 Temple: D:4-7

Altars:
Ashenzari

Annotations:
D:4 Dowan


Innate Abilities, Weirdness & Mutations

You passively map a small area around you.
You are easily found by Zot.
You glow in the dark.
You regain HP and MP as you explore.


Message History

* * * LOW HITPOINT WARNING * * *
Dowan hits you with a +3 dagger of holy wrath.
* * * LOW HITPOINT WARNING * * *
Duvessa hits you with a +0 rapier!
* * * LOW HITPOINT WARNING * * *
Dowan barely misses you.
Casting: Sandblast (safe; 1% risk of failure)
Confirm with . or Enter, or press ? or * to list all spells.
Aiming: Stone Arrow (dangerous; 11% risk of failure)
Press: ? - help, Shift-Dir - straight line, f/p - Duvessa
Aim: Duvessa, wielding a +0 rapier and wearing a +0 ring mail (almost dead, 77% to hit)
You miscast Stone Arrow.
You are very lightly contaminated with residual magic.
Nothing appears to happen.
Dowan completely misses you. Duvessa hits you with a +0 rapier.
* * * LOW HITPOINT WARNING * * *
Unknown command.
Unknown command.
Casting: Stone Arrow (dangerous; 11% risk of failure)
Confirm with . or Enter, or press ? or * to list all spells.
Aiming: Stone Arrow (dangerous; 11% risk of failure)
Press: ? - help, Shift-Dir - straight line, f/p - Duvessa
Aim: Duvessa, wielding a +0 rapier and wearing a +0 ring mail (almost dead, 77% to hit)
The stone arrow hits Duvessa!
You kill Duvessa!
Dowan screams, "No!
No!"
Dowan seems to find hidden reserves of power!
* * * LOW MAGIC WARNING * * *
Dowan hits you with a +3 dagger of holy wrath.
* * * LOW HITPOINT WARNING * * *
Your base Earth Magic skill increases to level 6!
You have reached level 6!
You feel clever.
Unknown command.
Magic courses through your body.
Dowan mumbles some strange words.
Dowan blinks!
Dowan gestures at you while chanting. The stone arrow hits you!
You die...

, ,, * * ,, ,
*..# , * , ..#.
# * #####... ..
, * , , ,,
#.....##.# . *
, ## *
#.....e..#..
<###### ,,
,+.....##.(..
......#**
#...).....#
......#####
#...@ยง.# ,
..........#
#.###....... ,
..........# #.#
####### ,,,
..........# #.#
.........)###.#
,
..........))..#
* ,
..............#
, ,
..............#
..........###.#


You could see Dowan (fast).

Vanquished Creatures
  Duvessa (D:4)
  2 hounds (D:4)
  An adder (D:3)
  A dart slug (D:1)
  2 endoplasms
  2 giant cockroaches (D:2)
  7 goblins
  8 hobgoblins
  4 kobolds
  3 ball pythons (D:1)
  5 bats
  4 frilled lizards
  3 rats
43 creatures vanquished.

Notes
Turn   | Place    | Note
-------+----------+-------------------------------------------
     0 | D:1      | lunkers the Meteoran Earth Elementalist began the quest for
                  | the Orb.
     0 | D:1      | Reached XP level 1. HP: 14/14 MP: 5/5
    22 | D:1      | Reached XP level 2. HP: 20/20 MP: 3/6
    26 | D:1      | Reached skill level 4 in Earth Magic
    29 | D:1      | Learned a level 2 spell: Passwall
   100 | D:1      | Reached XP level 3. HP: 26/26 MP: 2/8
   104 | D:1      | Learned a level 3 spell: Stone Arrow
   297 | D:2      | Found a faded altar of an unknown god.
   307 | D:2      | Prayed at the altar of an unknown god.
   307 | D:2      | Became a worshipper of Ashenzari the Shackled
   322 | D:2      | Identified the +3 spear "Uptuff" {antimagic, Dex+2}
   667 | D:3      | Reached skill level 5 in Earth Magic
   667 | D:3      | Reached XP level 4. HP: 33/33 MP: 4/10
   843 | D:3      | Learned a level 4 spell: Petrify
   857 | D:3      | Reached * piety under Ashenzari
   894 | D:4      | Reached XP level 5. HP: 31/38 MP: 6/11
   933 | D:4      | Noticed Duvessa
   933 | D:4      | Noticed Dowan
   943 | D:4      | Killed Duvessa
   944 | D:4      | Reached skill level 6 in Earth Magic
   944 | D:4      | Reached XP level 6. HP: 4/45 MP: 1/13
   944 | D:4      | Killed from afar by Dowan

Illustrated notes

Levels and vault maps discovered:
D:1:      minmay_arrival_four_circles, layout_basic
D:2:      layout_basic, hellmonk_ecumenical_altar_lost_god
D:3:      minmay_angry_zag, layout_loops_ring, hangedman_decor_clover_reticule,
          nicolae_concentric_dashed_squares_mild, kennysheep_potato, uniq_robin
D:4:      layout_basic, zin_purify, mainiacjoe_overflow_alcove_4,
          amethyst_overflow_temple_binary, minmay_temple_entry_ruins,
          uniq_duvessa

Skill      XL: |  1  2  3  4  5 |
---------------+----------------+-----
Earth Magic    | 4 5 6 |  6.6
Spellcasting   | 3 4 |  4.6
Dodging        | |  2.4
Stealth        | |  1.4
Transmutations | |  1.2

Action                   |  1- 3 |  4- 6 || total
-------------------------+-------+-------++-------
Melee: Unarmed           |     3 |       ||     3
 Cast: Sandblast         |    38 |    25 ||    63
       Stone Arrow       |       |     1 ||     1
Invok: Curse Item        |     1 |     1 ||     2
  Use: Potion            |       |     1 ||     1
Armor: Robe              |     2 |       ||     2
Dodge: Dodged            |     6 |     6 ||    12

Table legend: (Time is in decaauts)
 A = Elapsed time spent in this place.
 B = Non-inter-level travel time spent in this place.
 C = Inter-level travel time spent in this place.
 D = Time resting spent in this place.
 E = Time spent auto-exploring this place.
 F = Levels seen in this place.
 G = Mean time per level.
                   A        B        C        D        E       F      G
               +--------+--------+--------+--------+--------+-----+--------+
         Total |    974 |    878 |     96 |      0 |    623 |   4 |  243.5 |
       Dungeon |    974 |    878 |     96 |      0 |    623 |   4 |  243.5 |
               +--------+--------+--------+--------+--------+-----+--------+

Top non-repeatable levels by time:
     D:2: 412 daAuts
     D:3: 255 daAuts
     D:1: 244 daAuts
     D:4: 61 daAuts
